Map: Blackburn LE

Players

Reynor

  • Race: Zerg Zerg

Clem - Winner!

  • Race: Terran Terran

Event: DreamHack SC2 Masters 2021 Fall

VOD

Have the link to the VOD?

Description

Time

  • Played on: Aug. 14, 2021, 10:52 a.m.
  • Length: 6:44

All games in this series

Show
View Real Time Build Order
Export as new Build Order

Reynor Zerg 

Build Orders: Pool First 

Get SALT Encoding   

  12  0:00  Drone  
  13  0:12  Overlord  
  13  0:17  Drone  
  14  0:30  Drone x2  
  16  0:40  Spawning Pool  
  15  0:44  Drone  
  15  0:47  Drone  
  17  1:08  Hatchery  
  17  1:11  Drone  
  17  1:13  Extractor  
  17  1:16  Drone  
  17  1:27  Zergling x2  
  17  1:28  Zergling x2  
  19  1:34  Roach Warren  
  19  1:38  Drone  
  19  1:47  Queen  
  21  1:56  Overlord  
  21  2:16  Roach x2  
  21  2:21  Roach x2  
  29  2:32  Roach  
  29  2:36  Queen  
  33  2:43  Overlord  
  33  2:47  Drone  
  33  2:51  Ravager  
  35  2:53  Drone  
  36  3:02  Drone x2  
  38  3:05  Drone  
  38  3:10  Drone  
  38  3:12  Drone  
  41  3:19  Overlord  
  41  3:20  Drone  
  41  3:27  Drone  
  41  3:28  Drone  
  41  3:32  Drone  
  43  3:36  Drone  
  43  3:40  Drone  
  45  3:44  Metabolic Boost  
  45  3:46  Drone x2  
  42  3:49  Drone  
  43  3:57  Drone x3  
  42  4:09  Drone  
  41  4:11  Drone, Hatchery  
  41  4:13  Drone  
  41  4:16  Drone  
  43  4:17  Drone  
  43  4:19  Zergling x2  
  43  4:20  Zergling x2  
  46  4:25  Queen  
  46  4:27  Zergling x2  
  46  4:30  Zergling x2  
  50  4:34  Lair  
  50  4:36  Zergling x2  
  51  4:39  Overlord  
  51  4:42  Extractor  
  51  4:43  Zergling x4  
  52  4:50  Overlord  
  52  4:58  Zergling x6  
  54  5:01  Overlord  
  54  5:04  Zergling x2  
  54  5:06  Queen  
  53  5:09  Drone  
  53  5:11  Drone  
  55  5:17  Zergling x2  
  55  5:20  Drone  
  57  5:25  Evolution Chamber, Roach  
  57  5:26  Queen  
  57  5:27  Roach  
  62  5:38  Overseer, Roach x3  
  62  5:40  Drone x3  
  62  5:41  Drone  
  62  5:42  Queen  
  70  5:44  Drone x2  
  70  5:45  Drone  
  70  5:47  Drone  
  74  5:50  Spore Crawler  
  74  5:53  Drone  
  73  5:59  Overlord  
  68  6:08  Zergling x2, Roach x3  
  67  6:15  Roach  
  67  6:16  Roach  
  64  6:21  Overseer  
  64  6:24  Drone x4  
  63  6:28  Drone  
Show
View Real Time Build Order
Export as new Build Order

Clem Terran - Winner!

Build Orders:  

Get SALT Encoding   

  12  0:00  SCV  
  13  0:12  SCV  
  14  0:16  Supply Depot  
  14  0:24  SCV  
  15  0:34  Refinery  
  15  0:38  SCV  
  16  0:44  Barracks  
  16  0:50  SCV  
  17  1:02  SCV  
  18  1:14  SCV  
  19  1:31  Barracks Reactor, Orbital Command  
  19  1:43  Command Center  
  19  1:52  Supply Depot  
  19  1:57  SCV  
  20  2:06  Factory  
  20  2:08  Marine  
  20  2:11  Marine  
  20  2:15  SCV  
  23  2:26  Marine  
  23  2:27  SCV  
  23  2:29  Marine  
  26  2:32  Refinery  
  25  2:39  SCV  
  26  2:44  Marine  
  26  2:47  Marine  
  26  2:50  Widow Mine  
  31  2:51  Starport  
  31  2:53  SCV  
  31  3:01  Orbital Command  
  31  3:07  Bunker  
  31  3:11  SCV  
  32  3:27  SCV x2  
  32  3:28  Marine x2  
  32  3:30  Factory Tech Lab  
  32  3:39  SCV  
  33  3:45  Medivac  
  33  3:46  Marine x2, Supply Depot  
  36  3:49  SCV  
  37  3:55  SCV  
  37  3:57  Supply Depot  
  37  4:01  SCV  
  36  4:07  SCV  
  36  4:08  Factory Tech Lab  
  37  4:13  SCV  
  38  4:17  Supply Depot  
  38  4:18  Hellion  
  38  4:19  SCV, Hellion  
  43  4:25  SCV  
  43  4:30  Barracks Tech Lab  
  43  4:31  Banshee, Cloaking Field  
  47  4:32  SCV  
  47  4:37  SCV  
  49  4:41  Supply Depot  
  49  4:44  SCV, Hellion x2  
  54  4:49  SCV  
  55  4:54  Stimpack  
  55  4:55  Marine  
  55  4:56  SCV  
  57  5:01  SCV  
  57  5:05  Hellion x2  
  57  5:06  Supply Depot  
  61  5:08  SCV  
  61  5:11  Armory  
  61  5:13  Marine  
  61  5:14  Banshee  
  63  5:20  SCV  
  67  5:22  SCV  
  72  5:28  Hellion x2  
  72  5:29  Supply Depot  
  72  5:32  Marine  
  73  5:36  SCV  
  73  5:46  Command Center  
  73  5:47  SCV  
  73  5:48  SCV  
  73  5:49  Marine  
  75  5:51  Barracks  
  75  5:52  Hellion  
  75  5:55  Hellion  
  80  6:00  SCV  
  82  6:07  Marine  
  79  6:11  Supply Depot  
  79  6:12  SCV  
  79  6:13  SCV  
  79  6:18  Starport Reactor  
  76  6:21  Engineering Bay x2  
  76  6:25  Marine, SCV, Supply Depot  
  77  6:26  Barracks  
  77  6:30  SCV  
  81  6:38  Refinery  
  81  6:39  Refinery  
  79  6:40  Supply Depot  

Tags
 
Add a new tag
Caveats
  • Supply blocks, unpowered buildings, or Contaminate may cause inaccurate times.
  • Supply counts are checked every 10 seconds.